 Dungeon Crawl Stone Soup version 0.20.0-4-g10b340a (webtiles) character file.

24507 kuniqs the Blocker (level 12, -2/110 HPs)
             Began as a Minotaur Fighter on May 27, 2017.
             Was a High Priest of the Shining One.
             Engulfed by a cloud of flame (17 damage)
             ... on level 13 of the Dungeon.
             The game lasted 00:18:50 (12157 turns).

kuniqs the Blocker (Minotaur Fighter)              Turns: 12157, Time: 00:18:50

Health: -2/110     AC: 20    Str: 26    XL:     12   Next: 81%
Magic:  16/16      EV: 11    Int:  5    God:    the Shining One [*****.]
Gold:   842        SH: 18    Dex: 12    Spells: 11/11 levels left

rFire    . . .     SeeInvis +   N - +4 scimitar (flame)
rCold    . . .     Gourm    .   c - +0 shield
rNeg     + + .     Faith    .   l - +0 plate armour
rPois    .         Spirit   .   V - +1 hat
rElec    .         Reflect  +   I - +0 cloak
rCorr    .         Harm     .   n - +0 pair of gloves
MR       .....                  M - +0 pair of boots
Stlth    ..........             Q - +5 amulet of reflection
Regen    0.3/turn               F - ring of see invisible
MPRegen  0.2/turn               (no ring)

@: glowing
A: retaliatory headbutt, horns 2, strong 1, subdued magic 1
a: Divine Shield, Cleansing Flame, Summon Divine Warrior, Renounce Religion


You were on level 13 of the Dungeon.
You worshipped the Shining One.
The Shining One was extremely pleased with you.
You were hungry.

You visited 2 branches of the dungeon, and saw 14 of its levels.
You also visited: Bailey.

You collected 842 gold pieces.

Inventory:

Hand Weapons
 N - a +4 scimitar of flaming (weapon)
Missiles
 p - 10 javelins (quivered)
Armour
 c - a +0 shield (worn)
 l - a +0 plate armour (worn)
 n - a +0 pair of gloves (worn)
 I - a +0 cloak (worn)
 M - a +0 pair of boots (worn)
 V - a +1 hat (worn)
Jewellery
 F - a ring of see invisible (left hand)
 Q - a +5 amulet of reflection (around neck)
Wands
 q - a wand of acid (2/15)
 E - a wand of paralysis (3/24)
 O - a wand of digging (7/24)
 S - a wand of lightning (1/15)
Scrolls
 b - 6 scrolls of recharging {unknown}
 h - 8 scrolls of remove curse {@r2}
 m - 6 scrolls of enchant weapon {unknown}
 r - 4 scrolls of noise {unknown}
 s - a scroll of magic mapping {unknown}
 t - 7 scrolls of identify {@r1}
 u - 4 scrolls of amnesia {unknown}
 x - a scroll of torment {unknown}
 y - a scroll of immolation {unknown}
 B - a scroll of random uselessness {unknown}
 D - a scroll of blinking {unknown}
 K - 2 scrolls of teleportation {unknown}
 L - a scroll of fear {unknown}
 R - a scroll of enchant armour {unknown}
 T - a scroll of fog {unknown}
Potions
 g - 4 potions of lignification {unknown}
 i - 2 potions of berserk rage
 k - 3 potions of brilliance {unknown}
 o - 2 potions of invisibility {unknown}
 v - 2 potions of ambrosia {unknown}
 w - 2 potions of agility {unknown}
 z - 4 potions of mutation {unknown}
 A - 2 potions of heal wounds {unknown}
 C - a potion of haste {unknown}
 G - 2 potions of might
 H - 4 potions of curing {@q1}
 J - a potion of experience {unknown}
 P - a potion of magic {unknown}
Comestibles
 d - 13 bread rations
 e - 9 meat rations
 f - 3 fruits
 j - 9 royal jellies


   Skills:
 + Level 11.6 Fighting
 + Level 11.3 Long Blades
 + Level 11.5 Armour
 + Level 9.9 Dodging
 + Level 11.7 Shields
 + Level 6.9 Invocations


You had 11 spell levels left.
You didn't know any spells.

Dungeon Overview and Level Annotations

Branches:
Dungeon (13/15)            Temple (1/1) D:5            Lair (0/6) D:10
    Orc (0/2) D:12
 Vaults: D:13-14

Altars:
Ashenzari
Cheibriados
Dithmenos
Elyvilon
Fedhas
Gozag
Hepliaklqana
Kikubaaqudgha
Makhleb
Nemelex Xobeh
Okawaru
Qazlal
Ru
Sif Muna
Trog
Uskayaw
Vehumet
Xom
Yredelemnul
Zin
The Shining One

Shops:
D:5 [

Annotations:
D:4 1 exclusion


Innate Abilities, Weirdness & Mutations

You reflexively headbutt those who attack you in melee.
You have a pair of horns on your head.
Your muscles are strong. (Str +2)
Your spells are a little easier to cast, but a little less powerful.


Message History

The blast of flame engulfs you!
You are too injured to fight recklessly!
You are too injured to fight recklessly!
You slash the fire crab!
The fire crab is almost dead.
You are engulfed in blazing flames.
The fire crab bites you.
You are engulfed in flames!
* * * LOW HITPOINT WARNING * * *
You block the fire crab's attack.
You hit the fire crab but do no damage.
The fire crab is almost dead.
The fire crab breathes flames at you. The blast of flame engulfs you!
You hit the fire crab.
You kill the fire crab!
The fire crab's shape twists and changes as it dies.
You are engulfed in blazing flames.
* * * LOW HITPOINT WARNING * * *
You feel better.
You are engulfed in blazing flames.
You die...

#..'.....................
#.##.......#####.........
#.##.......#.............
#.#######+##.##..........
######.### #.##.
#.......... ..........#
#§##.##.......(..
#########.#
#§##.###...).....
#.#####§##.# #.(.......
#..§§§@§##.#########'#'
#########§##.#...........
.§t.§....§##.............
############..##.##.....#
######..##.##.....#
#.##....##.#####...
#.##.#.###.# #...
####.##.#.###.# #...
#..........##.## #.##


There were no monsters in sight!

Vanquished Creatures
  Gastronok (D:9)
  2 hydras (D:13)
  Erica (D:9)
  A centaur warrior (D:13)
  3 two-headed ogres
  A fire crab (shapeshifter) (D:13)
  2 unseen horrors (D:13)
  Pikel (D:5)
  2 deep elf magi
  An ugly thing (D:13)
  Maurice (D:9)
  2 gargoyles
  2 komodo dragons (D:13)
  A centaur skeleton (D:10)
  2 kobold demonologists (D:13)
  3 trolls
  The ghost of grisnicke the Cudgeler, an amateur HOAE of Beogh (D:4)
  A hornet (D:12)
  2 hippogriffs
  9 yaks
  4 hogs (D:7)
  2 wyverns
  Eustachio (D:6)
  A steam dragon (D:12)
  2 hungry ghosts
  A human (D:7)
  3 vampire mosquitoes (D:13)
  Menkaure (D:5)
  Edmund (D:6)
  2 acid dragons
  A porcupine (D:10)
  4 water moccasins
  9 orc warriors
  A slave (D:5)
  An ice beast (D:6)
  4 sky beasts
  2 black bears
  2 eyes of draining (D:13)
  A phantom (D:9)
  5 ogres
  5 necrophages
  6 centaurs
  6 big kobolds
  6 bullfrogs
  A gnoll sergeant (D:12)
  3 scorpions
  A wyvern skeleton (D:11)
  5 killer bees (D:8)
  4 howler monkeys
  5 wights (D:11)
  5 crimson imps
  4 bullfrog zombies
  11 hounds
  2 quasits (D:8)
  5 orc priests
  2 jellies
  6 bullfrog skeletons
  15 orc wizards
  9 worker ants
  A hell rat (D:7)
  A killer bee zombie (D:7)
  2 worker ant zombies
  Robin (D:3)
  5 adders
  12 gnolls
  4 river rats (D:7)
  5 shadow imps
  5 oozes
  3 adder skeletons
  An adder zombie (D:5)
  A worm (D:2)
  2 dart slugs
  A leopard gecko (D:1)
  89 orcs
  4 giant cockroaches
  13 hobgoblins
  10 jackals
  11 quokkas
  3 ball pythons
  10 bats
  4 frilled lizards
  16 goblins
  2 jackal zombies
  30 kobolds
  A quokka zombie (D:6)
  29 rats
454 creatures vanquished.

Vanquished Creatures (others)
  A deep elf archer (D:13)
  A slave (D:5)
  An orc (D:13)
  2 kobolds (D:13)
  A fungus (D:10)
6 creatures vanquished.

Grand Total: 460 creatures vanquished

Notes
Turn   | Place    | Note
-------+----------+-------------------------------------------
     0 | D:1      | kuniqs the Minotaur Fighter began the quest for the Orb.
     0 | D:1      | Reached XP level 1. HP: 19/19 MP: 0/0
   110 | D:1      | Reached XP level 2. HP: 21/27 MP: 1/1
   543 | D:1      | Reached skill level 1 in Dodging
   543 | D:1      | Reached XP level 3. HP: 33/33 MP: 2/2
  1078 | D:2      | Reached XP level 4. HP: 22/40 MP: 3/3
  1810 | D:3      | Reached XP level 5. HP: 47/47 MP: 4/4
  1847 | D:3      | Found a snail-covered altar of Cheibriados.
  1987 | D:3      | Noticed Robin
  2033 | D:3      | Killed Robin
  2213 | D:3      | Noticed a centaur
  2219 | D:3      | Killed a centaur
  2219 | D:3      | Reached XP level 6. HP: 49/55 MP: 5/5
  2603 | D:4      | Reached skill level 5 in Fighting
  2603 | D:4      | Reached skill level 5 in Shields
  2640 | D:4      | Reached skill level 5 in Armour
  2717 | D:4      | Found a burning altar of Makhleb.
  2813 | D:4      | Reached XP level 7. HP: 22/61 MP: 6/6
  2946 | D:4      | Noticed grisnicke's ghost (amateur HOAE)
  3064 | D:4      | Killed grisnicke's ghost
  3064 | D:4      | Reached skill level 5 in Long Blades
  3340 | D:4      | Found a hide-covered altar of Uskayaw.
  3763 | D:5      | Entered Level 5 of the Dungeon
  3829 | D:5      | Found an iron altar of Okawaru.
  3868 | D:5      | Noticed Pikel
  3889 | D:5      | Killed Pikel
  3889 | D:5      | Reached XP level 8. HP: 70/71 MP: 7/7
  3936 | D:5      | Reached skill level 5 in Dodging
  4056 | D:5      | Noticed Menkaure
  4065 | D:5      | Killed Menkaure
  4073 | D:5      | Found Paothyja's Armour Shoppe.
  4405 | D:5      | Found a staircase to the Ecumenical Temple.
  4410 | Temple   | Entered the Ecumenical Temple
  4758 | D:6      | Noticed Eustachio
  4781 | D:6      | Killed Eustachio
  4793 | D:6      | Reached XP level 9. HP: 66/79 MP: 8/8
  4840 | D:6      | Noticed Edmund
  4862 | D:6      | Killed Edmund
  5117 | D:6      | Found a basalt altar of Yredelemnul.
  5172 | D:6      | Found an opulent altar of Gozag.
  5264 | D:6      | Found a deep blue altar of Sif Muna.
  5265 | D:6      | Found a basalt altar of Yredelemnul.
  5265 | D:6      | Found a glowing silver altar of Zin.
  5265 | D:6      | Found a sacrificial altar of Ru.
  5269 | D:6      | Found a glowing golden altar of the Shining One.
  5275 | D:6      | Became a worshipper of the Shining One
  5451 | D:6      | Gained mutation: Your spells are a little easier to cast, but a little less powerful. [mutagenic meat]
  5452 | D:6      | Gained mutation: Your muscles are strong. (Str +2) [mutagenic meat]
  5538 | D:7      | Reached skill level 1 in Invocations
  5682 | D:7      | Noticed a two-headed ogre
  5701 | D:7      | Killed a two-headed ogre
  5701 | D:7      | Reached XP level 10. HP: 8/90 MP: 10/10
  6693 | D:7      | Found a hazy altar of Hepliaklqana.
  6970 | D:8      | Reached * piety under the Shining One
  7367 | D:8      | Found a flagged portal.
  7376 | Bailey   | Entered a bailey
  8325 | D:9      | Noticed a two-headed ogre
  8333 | D:9      | Killed a two-headed ogre
  8492 | D:9      | Noticed Erica
  8493 | D:9      | Noticed Gastronok
  8496 | D:9      | Noticed Maurice
  8523 | D:9      | Killed Erica
  8523 | D:9      | Reached XP level 11. HP: 76/97 MP: 13/13
  8550 | D:9      | Killed Gastronok
  8643 | D:9      | Killed Maurice
  8643 | D:9      | Reached skill level 10 in Fighting
  8643 | D:9      | Reached skill level 10 in Armour
  8643 | D:9      | Reached skill level 10 in Shields
  8694 | D:9      | Reached ** piety under the Shining One
  8935 | D:10     | Entered Level 10 of the Dungeon
  9112 | D:10     | Reached skill level 5 in Invocations
  9148 | D:10     | Found a staircase to the Lair.
  9190 | D:10     | Noticed a deep elf mage
  9195 | D:10     | Killed a deep elf mage
  9799 | D:9      | Reached *** piety under the Shining One
  9892 | D:11     | Reached skill level 10 in Long Blades
 10321 | D:12     | Reached **** piety under the Shining One
 10736 | D:12     | Reached XP level 12. HP: 89/108 MP: 15/15
 10764 | D:12     | Found a staircase to the Orcish Mines.
 11537 | D:13     | Reached ***** piety under the Shining One
 11557 | D:13     | Noticed a seven-headed hydra
 11568 | D:13     | Noticed a six-headed hydra
 11570 | D:13     | Killed a one-headed hydra
 11582 | D:13     | Killed a one-headed hydra
 11820 | D:13     | Noticed a two-headed ogre
 11835 | D:13     | Killed a two-headed ogre
 12071 | D:13     | Noticed a centaur warrior
 12077 | D:13     | Killed a centaur warrior
 12157 | D:13     | Engulfed by a cloud of flame

Skill      XL: |  1  2  3  4  5  6  7  8  9 10 11 12 |
---------------+-------------------------------------+-----
Fighting       | 4 5 6 7 8 9 10 11 | 11.6
Dodging        | 1 2 3 4 5 6 7 9 |  9.9
Long Blades    | 3 4 5 6 7 9 10 11 | 11.3
Armour         | 4 5 6 7 8 9 10 11 | 11.5
Shields        | 4 5 6 7 8 9 10 11 | 11.7
Invocations    | 2 4 5 6 |  6.9

Action                   |  1- 3 |  4- 6 |  7- 9 | 10-12 || total
-------------------------+-------+-------+-------+-------++-------
Melee: Long sword        |    82 |   190 |   255 |   385 ||   912
       Headbutt          |    15 |    28 |    70 |   165 ||   278
       Falchion          |       |     8 |    32 |       ||    40
       Scimitar          |       |       |       |   386 ||   386
Throw: Javelin           |       |       |     3 |       ||     3
Evoke: Wand              |       |       |       |     1 ||     1
  Use: Scroll            |       |       |       |     4 ||     4
       Potion            |       |       |       |     1 ||     1
  Eat: Chunk             |     1 |     5 |    12 |    22 ||    40
       Royal jelly       |       |       |       |     1 ||     1
Armor: Scale mail        |    16 |       |       |       ||    16
       Plate armour      |    21 |   138 |   114 |   309 ||   582
Dodge: Dodged            |    15 |    31 |    75 |   267 ||   388
Block: Shield            |    43 |   121 |   123 |   564 ||   851
       Reflection        |       |       |       |    15 ||    15
       Rpst.: Long sword |     5 |     7 |    19 |    38 ||    69
       Scimitar          |       |       |       |    19 ||    19
